Workbook

Sheet Planilha Orç - Mem. de Cálculo
A2: A N E X O I
A4: PLANILHA ORÇAMENTÁRIA COM MEMORIA DE CÁLCULO
A6: PREFEITURA: MUNICÍPIO DE CRISTAIS/MG.
A7: OBRA: COBERTURA DA RUA CULTURAL DE CRISTAIS.
A8: LOCAL: RUA ANTONIO ALBINO, CENTRO, CRISTAIS/MG | G8: FORMA DE EXECUÇÃO: | I8: FOLHA Nº: 01
A9: REGIÃO/MÊS DE REFERÊNCIA: SETOP (10/2025 - 04/2025 - DESONERADO) / ORSE (01/2026 - DESONERADO) / SINAPI (11/2025 - DESONERADO) | G9: INDIRETA | I9: DATA: 25/11/2025
A10: PRAZO DE EXECUÇÃO: 3 MESES. | I10: BDI | J10: 0.2634
A12: ITEM | B12: CÓDIGO | C12: FONTE | D12: DESCRIÇÃO | E12: MEMÓRIA DE CALCULO | F12: UNID. | G12: QUANT. | H12: PREÇO UNIT. S/ BDI | I12: PREÇO UNIT. C/ BDI | J12: PREÇO TOTAL
A13: 1 | D13: CANTEIRO DE OBRA | J13: =SUM(J14:J17) -> 28370.501
A14: 1.1 | B14: ED-50392 | C14: SETOP | D14: MOBILIZAÇÃO E DESMOBILIZAÇÃO DE OBRA EM CENTRO URBANO OU REGIÃO LIMÍTROFE COM VALOR ATÉ 1.000.0 | E14: MOBILIZAÇÃO 0,5% VALOR TOTAL > R$ 454.036,60 = R$ 2.270,18 | F14: % | G14: 1 | H14: 2270.18 | I14: =ROUND((H14*1.2634),2) -> 2868.15 | J14: =SUM(I14*G14) -> 2868.15
A15: 1.2 | B15: ED-16660 | C15: SETOP | D15: FORNECIMENTO E COLOCAÇÃO DE PLACA DE OBRA EM CHAPA GALVANIZADA #26, ESP. 0,45 MM, PLOTADA COM ADESIVO VINÍLICO, AFIXADA COM REBITES 4,8X40 MM, EM ESTRUTURA METÁLICA DE METALON 20X20 MM, ESP. 1,25 MM, INCLUSIVE SUPORTE EM EUCALIPTO AUTOCLAVADO PINTADO | E15: (2*2,5) | F15: M2 | G15: =(2*2.5) -> 5 | H15: 256.28 | I15: =ROUND((H15*1.2634),2) -> 323.78 | J15: =SUM(I15*G15) -> 1618.9
A16: 1.3 | B16: ED-29823 | C16: SETOP | D16: TAPUME FIXO DE PROTEÇÃO PARA FECHAMENTO DE OBRA EM CHAPA DE COMPENSADO, ESP. 12MM, COM MÓDULO NA DIMENSÃO DE (110X220)CM, INCLUSIVE PINTURA LÁTEX (PVA) COM DUAS (2) DEMÃOS, EXCLUSIVE ABERTURA PARA PORTÃO | E16: (2*(50+12,58+50+12,58)) | F16: M2 | G16: =(2*(50+12.58+50+12.58)) -> 250.32 | H16: 65.23 | I16: =ROUND((H16*1.2634),2) -> 82.41 | J16: =SUM(I16*G16) -> 20628.871
A17: 1.4 | B17: ED-16350 | C17: SETOP | D17: LOCAÇÃO DE CONTAINER COM ISOLAMENTO TÉRMICO, TIPO 3, PARA DEPÓSITO/FERRAMENTARIA DE OBRA, COM MEDIDAS REFERENCIAIS DE (6) METROS COMPRIMENTO, (2,3) METROS LARGURA E (2,5) METROS ALTURA ÚTIL INTERNA, INCLUSIVE LIGAÇÕES ELÉTRICAS INTERNAS | E17: 3 MESES | F17: UNID. | G17: 3 | H17: 858.68 | I17: =ROUND((H17*1.2634),2) -> 1084.86 | J17: =SUM(I17*G17) -> 3254.58
A18: 2 | D18: DEMOLIÇÕES/REMOÇÕES | J18: =SUM(J19:J19) -> 679.168
A19: 2.1 | B19: ED-51125 | C19: SETOP | D19: TRANSPORTE DE MATERIAL DEMOLIDO EM CAÇAMBA, EXCLUSIVE CARGA MANUAL OU MECÂN | E19: SAPATAS (20*(0,8*0,8*0,7)) | F19: M3 | G19: =(20*(0.8*0.8*0.7)) -> 8.96 | H19: 60 | I19: =ROUND((H19*1.2634),2) -> 75.8 | J19: =SUM(I19*G19) -> 679.168
A20: 3 | D20: BASE | J20: =SUM(J21:J25) -> 21069.731
A21: 3.1 | B21: ED-51107 | C21: SETOP | D21: ESCAVAÇÃO MANUAL DE VALA COM PROFUNDIDADE MENOR OU IGUAL A 1,5M, INCLUSIVE DESCARGA LATERAL | E21: SAPATAS (20*(0,8*0,8*1)) | F21: M3 | G21: =(20*(0.8*0.8*1)) -> 12.8 | H21: 71.42 | I21: =ROUND((H21*1.2634),2) -> 90.23 | J21: =SUM(I21*G21) -> 1154.944
A22: 3.2 | B22: ED-29801 | C22: SETOP | D22: PERFURAÇÃO MANUAL DE ESTACA TIPO BROCA A TRADO, INCLUSIVE AFASTAMENTO, EXCLUSIVE ARMAÇÃO, CONCRETO ESTRUTURAL, TRANSPORTE E RETIRADA DO MATERIAL ESCAVADO | E22: BROCAS (20*(1,00*0,049087)) | F22: M3 | G22: =(20*(1*0.049087)) -> 0.98174 | H22: 232.76 | I22: =ROUND((H22*1.2634),2) -> 294.07 | J22: =SUM(I22*G22) -> 288.70028
A23: 3.3 | B23: ED-51093 | C23: SETOP | D23: APILOAMENTO MANUAL EM FUNDO DE VALA COM SOQUETE, EXCLUSIVE ESCAVAÇÃO | E23: SAPATAS (20*(0,8*0,8)) | F23: M2 | G23: =(20*(0.8*0.8)) -> 12.8 | H23: 24.08 | I23: =ROUND((H23*1.2634),2) -> 30.42 | J23: =SUM(I23*G23) -> 389.376
A24: 3.4 | B24: ED-49787 | C24: SETOP | D24: FORNECIMENTO DE CONCRETO ESTRUTURAL, PREPARADO EM OBRA COM BETONEIRA, COM FCK 25MPA, INCLUSIVE LANÇAMENTO, ADENSAMENTO E ACABAMENTO (FUNDAÇÃO) | E24: SAPATAS (20*(0,8*0,8*1)) | F24: M3 | G24: =(20*(0.8*0.8*1)) -> 12.8 | H24: 777.36 | I24: =ROUND((H24*1.2634),2) -> 982.12 | J24: =SUM(I24*G24) -> 12571.136
A25: 3.5 | B25: ED-48298 | C25: SETOP | D25: CORTE, DOBRA E MONTAGEM DE AÇO CA-50/60, INCLUSIVE ESPAÇADOR | E25: SAPATAS (20*(20*1,2*0,617)) + BROCAS (40*(4*1*0,617)) | F25: KG | G25: =(20*(20*1.2*0.617)) + (40*(4*1*0.617)) -> 394.88 | H25: 13.36 | I25: =ROUND((H25*1.2634),2) -> 16.88 | J25: =SUM(I25*G25) -> 6665.5744
A26: 4 | D26: RESTAURAÇÃO ENTORNO BASE | J26: =SUM(J27:J29) -> 23432
A27: 4.1 | B27: ED-50568 | C27: SETOP | D27: CONTRAPISO DESEMPENADO COM ARGAMASSA, TRAÇO 1:3 ( CIMENTO E AREIA), ESP. 30MM, INCLUSIVE ARGAMASSA COM PREPARO MECANIZADO | E27: RESTAURAÇÃO ENTORNO DAS BASES (20*(2M²)) | F27: M2 | G27: 40 | H27: 44.85 | I27: =ROUND((H27*1.2634),2) -> 56.66 | J27: =SUM(I27*G27) -> 2266.4
A28: 4.2 | B28: ED-8917 | C28: SETOP | D28: EXECUÇÃO DE PAVIMENTO COM PISO INTERTRAVADO, TIPO RETANGULAR, ESP. 10CM, COM FCK DE 35MPA, INCLUSIVE COLCHÃO DE AREIA, ESP. 6CM, PARA ASSENTAMENTO, COMPACTAÇÃO MECANIZADA, CARGA E DESCARGA MECÂNICA EM CAMINHÃO, EXCLUSIVE TRANSPORTE DE PISO INTERTRAVADO | E28: =E27 -> RESTAURAÇÃO ENTORNO DAS BASES (20*(2M²)) | F28: M2 | G28: =G27 -> 40 | H28: 131.74 | I28: =ROUND((H28*1.2634),2) -> 166.44 | J28: =SUM(I28*G28) -> 6657.6
A29: 4.3 | B29: 14139 | C29: ORSE | D29: PEDRA PARA REVESTIMENTO SÃO TOMÉ - 47X47CM - 5 UND/M2. | E29: =E28 -> RESTAURAÇÃO ENTORNO DAS BASES (20*(2M²)) | F29: M2 | G29: =G28 -> 40 | H29: 287.08 | I29: =ROUND((H29*1.2634),2) -> 362.7 | J29: =SUM(I29*G29) -> 14508
A30: 5 | D30: COBERTURA | J30: =SUM(J31:J34) -> 304833.38
A31: 5.1 | B31: ED-20603 | C31: SETOP | D31: FORNECIMENTO DE ESTRUTURA METÁLICA E ENGRADAMENTO METÁLICO, EM AÇO, PARA TELHADO, EXCLUSIVE TELHA, INCLUSIVE FABRICAÇÃO, TRANSPORTE, MONTAGEM E APLICAÇÃO DE FUNDO PREPARADOR ANTICORROSIVO EM SUPERFÍCIE METÁLICA, UMA (1) DEMÃO | E31: PESO ESTRUTURA COMPLETA > 10.500,00 KG | F31: KG | G31: 7700 | H31: 22.63 | I31: =ROUND((H31*1.2634),2) -> 28.59 | J31: =SUM(I31*G31) -> 220143
A32: 5.2 | B32: 14041 | C32: ORSE | D32: PLACA EM POLICARBONATO ALVEOLAR, COR CRISTAL, 8MM - 1050 x 6000MM | E32: (6,44*2*50) | F32: M2 | G32: =(6.44*2*50) -> 644 | H32: 79.96 | I32: =ROUND((H32*1.2634),2) -> 101.02 | J32: =SUM(I32*G32) -> 65056.88
A33: 5.3 | B33: ED-50660 | C33: SETOP | D33: CALHA EM CHAPA GALVANIZADA, ESP. 0,65MM (GSG-24), COM DESENVOLVIMENTO DE 100CM, INCLUSIVE IÇAMENTO MANUAL VERTICAL | E33: (52*2) | F33: M | G33: =(52*2) -> 104 | H33: 119.48 | I33: =ROUND((H33*1.2634),2) -> 150.95 | J33: =SUM(I33*G33) -> 15698.8
A34: 5.4 | B34: ED-50668 | C34: SETOP | D34: CONDUTOR CIRCULAR DE ÁGUA PLUVIAL PARA DO TELHADO EM TUBO DE PVC, DIÂMETRO DE 100MM, INCLUSIVE CONEXÕES E SUPORTES | E34: (10*3,5) | F34: M | G34: 35 | H34: 88.98 | I34: =ROUND((H34*1.2634),2) -> 112.42 | J34: =SUM(I34*G34) -> 3934.7
A35: 6 | D35: INSTALAÇÕES HIDRÁULICAS | J35: =SUM(J36:J37) -> 14049
A36: 6.1 | B36: COMP003 | C36: COMPOSIÇÃO | D36: PONTO DE EMBUTIR PARA ÁGUA FRIA EM TUBO PVC RÍGIDO ROSCÁVEL, DN 1/2" (20MM), EMBUTIDO NA ALVENARIA COM DISTÂNCIA DE ATÉ DEZ (10) METROS DA TOMADA DE ÁGUA, INCLUSIVE CONEXÕES E FIXAÇÃO DO TUBO COM ENCHIMENTO DO RASGO NA ALVENARIA/CONCRETO COM ARGAMASSA | E36: 10 PONTOS | F36: UNID. | G36: 10 | H36: =2*206.6 -> 413.2 | I36: =ROUND((H36*1.2634),2) -> 522.04 | J36: =SUM(I36*G36) -> 5220.4
A37: 6.2 | B37: COMP004 | C37: COMPOSIÇÃO | D37: PONTO DE EMBUTIR PARA ESGOTO EM TUBO PVC RÍGIDO, PBV - SÉRIE NORMAL, DN 100MM (4"), EMBUTIDO EM PISO COM DISTÂNCIA DE ATÉ DEZ (10) METROS DO RAMAL DE ESGOTO, INCLUSIVE CONEXÕES E FIXAÇÃO DO TUBO COM ENCHIMENTO DO RASGO NO CONCRETO COM ARGAMASSA | E37: 10 PONTOS | F37: UNID. | G37: 10 | H37: =2*349.4 -> 698.8 | I37: =ROUND((H37*1.2634),2) -> 882.86 | J37: =SUM(I37*G37) -> 8828.6
A38: 7 | D38: INSTALAÇÕES ELÉTRICAS | J38: =SUM(J39:J42) -> 27943.4
A39: 7.1 | B39: ED-50228 | C39: SETOP | D39: PONTO DE EMBUTIR PARA UMA (1) LUMINÁRIA,COM ELETRODUTO DE PVC RÍGIDO ROSCÁVEL, DN 20MM (3/4"), EMBUTIDO NA LAJE E CABO DE COBRE FLEXÍVEL, CLASSE 5, ISOLAMENTO TIPO LSHF/ATOX, NÃO HALOGENADO, SEÇÃO 1,5MM2 (70°C-450/750V), COM DISTÂNCIA DE ATÉ CINCO (5) METROS DO PONTO DE DERIVAÇÃO, EXCLUSIVE LUMINÁRIA, INCLUSIVE CAIXA DE LIGAÇÃO OCTOGONAL, SUPORTE E FIXAÇÃO DO ELETRODUTO | E39: 30 PONTOS | F39: UNID. | G39: 30 | H39: 118.09 | I39: =ROUND((H39*1.2634),2) -> 149.19 | J39: =ROUND((G39*I39),2) -> 4475.7
A40: 7.2 | B40: ED-50232 | C40: SETOP | D40: PONTO DE EMBUTIR PARA UMA (1) TOMADA PADRÃO, TRÊS (3) POLOS (2P+T/10A-250V), COM PLACA 4"X2" DE UM (1) POSTO, COM ELETRODUTO FLEXÍVEL CORRUGADO, ANTI-CHAMA, DN 25MM (3/4"), EMBUTIDO NA ALVENARIA E CABO DE COBRE FLEXÍVEL, CLASSE 5, ISOLAMENTO TIPO LSHF/ATOX, NÃO HALOGENADO, SEÇÃO 2,5MM2 (70°C-450/750V), COM DISTÂNCIA DE ATÉ DEZ (10) METROS DO PONTO DE DERIVAÇÃO, INCLUSIVE CAIXA DE LIGAÇÃO, SUPORTE E FIXAÇÃO DO ELETRODUTO COM ENCHIMENTO DO RASGO NA ALVENARIA/CONCRETO COM ARGAMASSA | E40: 10 PONTOS | F40: UNID. | G40: 10 | H40: 311.41 | I40: =ROUND((H40*1.2634),2) -> 393.44 | J40: =ROUND((G40*I40),2) -> 3934.4
A41: 7.3 | B41: COMP001 | C41: COMPOSIÇÃO | D41: FORNECIMENTO E INSTALAÇÃO DE LUSTRE DE FERRO, 8 BOCAIS, PARA TETO, MODELO RÚSTICA, COR PRETA, INCLUSO CORRENTE E SUPORTE DE FIXAÇÃO. | E41: 8 UNIDADES | F41: UNID. | G41: 8 | H41: 994.14 | I41: =ROUND((H41*1.2634),2) -> 1256 | J41: =SUM(I41*G41) -> 10048
A42: 7.4 | B42: COMP002 | C42: COMPOSIÇÃO | D42: FORNECIMENTO E INSTALAÇÃO DE LUMINÁRIA COM BRAÇO METÁLICO E GLOBO PEQUENO MODELO III, REF. LB005/III, PARA FIXAÇÃO EM PAREDE, COM ALTURA TOTAL DE 37,00 CM, PROJEÇÃO/COMPRIMENTO DE 19,50 CM E GLOBO COM DIMENSÕES DE 10,00 X 20,00 CM, INCLUSO SUPORTE DE FIXAÇÃO. | E42: 22 UNIDADES | F42: UNID. | G42: 22 | H42: 341.26 | I42: =ROUND((H42*1.2634),2) -> 431.15 | J42: =SUM(I42*G42) -> 9485.3
A43: 8 | D43: PINTURA | J43: =SUM(J44:J47) -> 36527.57
A44: 8.1 | B44: 100717 | C44: SINAPI | D44: LIXAMENTO MANUAL EM SUPERFÍCIES METÁLICAS EM OBRA. AF_01/2020 | E44: (50,00 x 12,58) | F44: M2 | G44: =(50*12.58) -> 629 | H44: 10.16 | I44: =ROUND((H44*1.2634),2) -> 12.84 | J44: =SUM(I44*G44) -> 8076.36
A45: 8.2 | B45: ED-50497 | C45: SETOP | D45: PINTURA ESMALTE BASE SOLVENTE EM ESTRUTURA METÁLICA, DUAS (2) DEMÃOS, COM APLICAÇÃO MANUAL, INCLUSIVE UMA (1) DEMÃO FUNDO GALVANIZADO | E45: (50,00 x 12,58) | F45: M2 | G45: =(50*12.58) -> 629 | H45: 34.35 | I45: 43.57 | J45: =SUM(I45*G45) -> 27405.53
A46: 8.3 | B46: ED-9076 | C46: SETOP | D46: FORNECIMENTO DE ANDAIME METÁLICO TUBULAR TIPO TORRE ( LOCAÇÃO), INCLUSIVE RODÍZIOS, EXCLUSIVE MONTAGEM E DESMONTAGEM | E46: (5,00x4,00x1,00) | F46: MxMÊS | G46: 20 | H46: 21.13 | I46: 43.57 | J46: =SUM(I46*G46) -> 871.4
A47: 8.4 | B47: ED-48246 | C47: SETOP | D47: MONTAGEM E DESMONTAGEM DE ANDAIME METÁLICO PARA FACHADA COM PISO METÁLICO, EXCLUSIVE FORNECIMENTO DO ANDAIME E RODAPÉ/GUARDA-CORPO EM MADEIRA | E47: 4,00 M² | F47: M2 | G47: 4 | H47: 8.88 | I47: 43.57 | J47: =SUM(I47*G47) -> 174.28
A49: TOTAL GERAL DA OBRA : | I49: =SUM(J43+J30+J20+J18+J13+J26+J38+J35) -> 456904.75
B53: Carimbo e assinatura do engenheiro responsável técnico | E53: Assinatura e carimbo do Prefeito do Prefeito
B55: pela elaboração da planilha

Sheet Cronograma Fisico-Financeiro
A3: A N E X O I I
A5: CRONOGRAMA FÍSICO-FINANCEIRO
A6: PREFEITURA: MUNICÍPIO DE CRISTAIS/MG. | C6: VALOR DA OBRA: | E6: =SUM(E28:M28) -> 456904.75 | K6: DATA: 25/11/2025
A7: OBRA: COBERTURA DA RUA CULTURAL DE CRISTAIS. | C7: LOCAL: RUA ANTONIO ALBINO, CENTRO, CRISTAIS/MG. | K7: PRAZO: 3 MESES.
A9: ITEM | B9: ETAPAS/DESCRIÇÃO | C9: FÍSICO/ FINANCEIRO | D9: TOTAL ETAPAS | E9: MÊS 1 | H9: MÊS 2 | K9: MÊS 3
A10: 1 | B10: ='Planilha Orç - Mem. de Cálculo'!D13 -> CANTEIRO DE OBRA | C10: Físico % | D10: =SUM((D11*100)/D28)/100 -> 0.062092813 | E10: 1
C11: Financeiro | D11: ='Planilha Orç - Mem. de Cálculo'!J13 -> 28370.501 | E11: =D11*E10 -> 28370.501
A12: 2 | B12: ='Planilha Orç - Mem. de Cálculo'!D18 -> DEMOLIÇÕES/REMOÇÕES | C12: Físico % | D12: =SUM((D13*100)/D28)/100 -> 0.0014864542 | E12: 1
C13: Financeiro | D13: ='Planilha Orç - Mem. de Cálculo'!J18 -> 679.168 | E13: =D13*E12 -> 679.168
A14: 3 | B14: ='Planilha Orç - Mem. de Cálculo'!D20 -> BASE | C14: Físico % | D14: =SUM((D15*100)/D28)/100 -> 0.046114055 | E14: 1
C15: Financeiro | D15: ='Planilha Orç - Mem. de Cálculo'!J20 -> 21069.731 | E15: =D15*E14 -> 21069.731
A16: 4 | B16: ='Planilha Orç - Mem. de Cálculo'!D26 -> RESTAURAÇÃO ENTORNO BASE | C16: Físico % | D16: =SUM((D17*100)/D28)/100 -> 0.051284212 | H16: 0.5 | K16: 0.5
C17: Financeiro | D17: ='Planilha Orç - Mem. de Cálculo'!J26 -> 23432 | H17: =SUM(H16*D17) -> 11716 | K17: =D17*K16 -> 11716
A18: 5 | B18: ='Planilha Orç - Mem. de Cálculo'!D30 -> COBERTURA | C18: Físico % | D18: =SUM((D19*100)/D28)/100 -> 0.66717052 | E18: 0.3 | H18: 0.4 | K18: 0.3
C19: Financeiro | D19: ='Planilha Orç - Mem. de Cálculo'!J30 -> 304833.38 | E19: =D19*E18 -> 91450.014 | H19: =SUM(H18*D19) -> 121933.35 | K19: =D19*K18 -> 91450.014
A20: 6 | B20: ='Planilha Orç - Mem. de Cálculo'!D35 -> INSTALAÇÕES HIDRÁULICAS | C20: Físico % | D20: =SUM((D21*100)/D28)/100 -> 0.030748203 | K20: 1
C21: Financeiro | D21: ='Planilha Orç - Mem. de Cálculo'!J35 -> 14049 | K21: =D21*K20 -> 14049
A22: 7 | B22: ='Planilha Orç - Mem. de Cálculo'!D38 -> INSTALAÇÕES ELÉTRICAS | C22: Físico % | D22: =SUM((D23*100)/D28)/100 -> 0.061158042 | E22: 0.3 | H22: 0.4 | K22: 0.3
C23: Financeiro | D23: ='Planilha Orç - Mem. de Cálculo'!J38 -> 27943.4 | E23: =D23*E22 -> 8383.02 | H23: =SUM(H22*D23) -> 11177.36 | K23: =D23*K22 -> 8383.02
A24: 8 | B24: ='Planilha Orç - Mem. de Cálculo'!D43 -> PINTURA | C24: Físico % | D24: =SUM((D25*100)/D28)/100 -> 0.0799457 | K24: 1
C25: Financeiro | D25: ='Planilha Orç - Mem. de Cálculo'!J43 -> 36527.57 | K25: =D25*K24 -> 36527.57
A27: TOTAL | C27: Físico % | D27: =SUM(D24+D12+D10+D16+D14+D18+D22+D20) -> 1 | E27: =SUM((E28*100)/D28)/100 -> 0.32819189 | H27: =SUM((H28*100)/D28)/100 -> 0.31697353 | K27: =SUM((K28*100)/D28)/100 -> 0.35483458
C28: Financeiro | D28: =SUM(D25+D19+D17+D15+D13+D11+D23+D21) -> 456904.75 | E28: =SUM(E11+E13+E25+E15+E17+E19+E23+E21) -> 149952.43 | H28: =SUM(H11+H13+H25+H15+H17+H19+H23+H21) -> 144826.71 | K28: =SUM(K11+K13+K25+K15+K17+K19+K23+K21) -> 162125.6
B32: Carimbo e assinatura do engenheiro responsável técnico | H32: Assinatura e carimbo do Prefeito do Prefeito
B33: pela elaboração da planilha

Sheet BDI
A1: QUADRO DE COMPOSIÇÃO DO BDI
A4: ESTADO | C4: PROPONENTE / TOMADOR
A5: MINAS GERAIS | C5: MUNICÍPIO DE CRISTAIS/MG
A7: OBJETO
A8: COBERTURA DA RUA CULTURAL DE CRISTAIS.
A10: TIPO DE OBRA DO EMPREENDIMENTO | I10: DESONERAÇÃO
A11: Construção e Reforma de Edifícios | I11: Sim
A13: Conforme legislação tributária municipal, definir estimativa de percentual da base de cálculo para o ISS: | I13: 0.5
A14: Sobre a base de cálculo, definir a respectiva alíquota do ISS (entre 2% e 5%): | I14: 0.03
A16: Itens | E16: Siglas | F16: % Adotado | G16: Situação | H16: 1º Quartil | I16: Médio | J16: 3º Quartil
A18: Administração Central | E18: AC | F18: 0.03 | G18: - | H18: 0.03 | I18: 0.04 | J18: 0.055
A19: Seguro e Garantia | E19: SG | F19: 0.008 | G19: - | H19: 0.008 | I19: 0.008 | J19: 0.01
A20: Risco | E20: R | F20: 0.0097 | G20: - | H20: 0.0097 | I20: 0.0127 | J20: 0.0127
A21: Despesas Financeiras | E21: DF | F21: 0.0059 | G21: - | H21: 0.0059 | I21: 0.0123 | J21: 0.0139
A22: Lucro | E22: L | F22: 0.0831 | G22: - | H22: 0.0616 | I22: 0.074 | J22: 0.0896
A23: Tributos (impostos COFINS 3%, e PIS 0,65%) | E23: CP | F23: 0.0365 | G23: - | H23: 0.0365 | I23: 0.0365 | J23: 0.0365
A24: Tributos (ISS, variável de acordo com o município) | E24: ISS | F24: 0.015 | G24: - | H24: 0 | I24: 0.025 | J24: 0.05
A25: Tributos (Contribuição Previdenciária sobre a Receita Bruta - 0% ou 4,5% - Desoneração) | E25: CPRB | F25: 0.045 | G25: OK | H25: 0 | I25: 0.045 | J25: 0.045
A26: BDI SEM desoneração (Fórmula Acórdão TCU) | E26: BDI PAD | F26: 0.2034 | G26: OK | H26: 0.2034 | I26: 0.2212 | J26: 0.25
A27: BDI COM desoneração (Fórmula Acórdão TCU) | E27: BDI DES | F27: 0.2634 | G27: OK
A30: Os valores de BDI foram calculados com o emprego da fórmula:
D31: BDI.DES = | E31: (1+AC + S + R + G)*(1 + DF)*(1+L) | H31: - 1
E32: (1-CP-ISS-CRPB)
A34: Declaro para os devidos fins que, conforme legislação tributária municipal, a base de cálculo para Construção e Reforma de Edifícios, é de 50%, com a respectiva alíquota de 3,00 %.
A36: Declaro para os devidos fins que o regime de Contribuição Previdenciária sobre a Receita Bruta adotado para elaboração do orçamento foi COM Desoneração, e que esta é a alternativa mais adequada para a Administração Pública.
A38: Observações:
A41: Cristais | G41: 45986
A42: Local | G42: Data
A45: Responsável Técnico | G45: Responsável Tomador
A46: Nome: | B46: Bruno Alves Lara Silva | G46: Nome: | H46: Célio Elias Pires
A47: Título: | B47: Engenheiro Civil | G47: Cargo: | H47: Prefeito Municipal de Cristais
A48: CREA: | B48: CREA-MG 142018256-0

Sheet Memoria de Calculo
A2: A N E X O I
A4: PLANILHA ORÇAMENTÁRIA COM MEMORIA DE CÁLCULO
A6: PREFEITURA: MUNICÍPIO DE CRISTAIS/MG.
A7: OBRA: CONSTRUÇÃO DE RUA CULTURAL E CORETO MUNICIPAL.
A8: LOCAL: AVENIDA JOAQUIM DE PAULA REIS, CENTRO, CRISTAIS/MG | H8: DATA
A9: REGIÃO/MÊS DE REFERÊNCIA: SETOP (04/2023 - DESONERADO) / SINAPI (08/2023 - DESONERADO) | H9: 45580
A10: PRAZO DE EXECUÇÃO: 3 MESES.
A12: ITEM | B12: CÓDIGO | C12: FONTE | D12: DESCRIÇÃO | F12: MEMÓRIA DE CALCULO | G12: UNID. | H12: QUANT.
A13: 1 | D13: COSNTRUÇÃO DO CORETO MUNICIPAL
A14: 1.1 | D14: CANTEIRO DE OBRAS
A15: 1.1.1 | B15: ED-16660 | C15: SETOP | D15: FORNECIMENTO E COLOCAÇÃO DE PLACA DE OBRA EM CHAPA GALVANIZADA #26, ESP. 0,45 MM, PLOTADA COM ADESIVO VINÍLICO, AFIXADA COM REBITES 4,8X40 MM, EM ESTRUTURA METÁLICA DE METALON 20X20 MM, ESP. 1,25 MM, INCLUSIVE SUPORTE EM EUCALIPTO AUTOCLAVADO PINTADO COM TINTA PVA DUAS (2) DEMÃOS | F15: DIMENSÕES PLACA COM INFORMAÇÕES SOBRE A OBRA, (2,5*2) | G15: M2 | H15: =(2.5*2) -> 5
A16: 1.1.2 | B16: ED-17989 | C16: SETOP | D16: LOCAÇÃO DE OBRA COM GABARITO DE TÁBUAS CORRIDAS PONTALETADAS A CADA 2,00M, REAPROVEITAMENTO (2X), INCLUSIVE ACOMPANHAMENTO DE EQUIPE TOPOGRÁFICA PARA MARCAÇÃO DE PONTO TOPOGRÁFICO | F16: (2,80*8,00) + (12,25) | G16: M | H16: =(2.8*8) + (12.25) -> 34.65
A17: 1.1.3 | B17: ED-50159 | C17: SETOP | D17: TAPUME FIXO DE PROTEÇÃO PARA FECHAMENTO DE OBRA EM CHAPA DE COMPENSADO, ESP. 12MM, COM MÓDULO NA DIMENSÃO DE (110X220)CM, INCLUSIVE PINTURA LÁTEX (PVA) COM DUAS (2) DEMÃOS, EXCLUSIVE ABERTURA PARA PORTÃO | F17: FECHAMENTO OBRA (4*18,00) | G17: M | H17: =4*18 -> 72
A18: 1.1.4 | B18: ED-51125 | C18: SETOP | D18: TRANSPORTE DE MATERIAL DEMOLIDO EM CAÇAMBA, EXCLUSIVE CARGA MANUAL OU MECÂNICA | F18: (57,80*0,15) | G18: M3 | H18: =(57.8*0.15) -> 8.67
A19: 1.1.5 | B19: ED-16348 | C19: SETOP | D19: LOCAÇÃO DE CONTAINER COM ISOLAMENTO TÉRMICO, TIPO 1, PARA ESCRITÓRIO DE OBRA, COM MEDIDAS REFERENCIAIS DE (6) METROS COMPRIMENTO, (2,3) METROS LARGURA E (2,5) METROS ALTURA ÚTIL INTERNA, INCLUSIVE AR CONDICIONADO E LIGAÇÕES ELÉTRICAS INTERNAS, EXCLUSIVE MOBILIZAÇÃO/DESMOBILIZAÇÃO E LIGAÇÕES PROVISÓRIAS EXTERNAS | F19: 3 MESES | G19: MÊS | H19: 3
A20: 1.2 | D20: DEMOLIÇÕES/REMOÇÕES
A21: 1.2.1 | B21: ED-48480 | C21: SETOP | D21: DEMOLIÇÃO MANUAL DE PISO CERÂMICO OU LADRILHO HIDRÁULICO, INCLUSIVE AFASTAMENTO E EMPILHAMENTO, EXCLUSIVE DEMOLIÇÃO DE CONTRAPISO, TRANSPORTE E RETIRADA DO MATERIAL DEMOLIDO | F21: AREA CORETO (50,26) + 15% = 57,80 M2 | G21: M2 | H21: 57.8
A22: 1.2.2 | B22: ED-48479 | C22: SETOP | D22: DEMOLIÇÃO MANUAL DE PISO CIMENTADO OU CONTRAPISO DE ARGAMASSA, COM ESPESSURA MÁXIMA DE 10CM, INCLUSIVE AFASTAMENTO E EMPILHAMENTO, EXCLUSIVE TRANSPORTE E RETIRADA DO MATERIAL DEMOLIDO | F22: AREA CORETO (50,26) + 15% = 57,80 M2 | G22: M2 | H22: 57.8
A23: 1.3 | D23: MOVIMENTO DE TERRA
A24: 1.3.1 | B24: ED-51110 | C24: SETOP | D24: ESCAVAÇÃO MANUAL DE TERRA (DESATERRO MANUAL), INCLUSIVE DESCARGA LATERAL, EXCLUSIVE RETIRADA E TRANSPORTE DO MATERIAL ESCAVADO | F24: BASE CORETO > SAPATAS (16*(0,60*0,60*0,65)) + BALDRAME UM (25,13 * 0,20 * 0,35) + BALDRAME DOIS (23,25*0,20*0,35) + > RAMPA > PILARETES (8*(0,6*0,15*0,15) + > ESCADA > PILARETES (12*(0,15*0,15*1,10)) | G24: M3 | H24: 7.54
A25: 1.3.2 | B25: ED-29801 | C25: SETOP | D25: PERFURAÇÃO MANUAL DE ESTACA TIPO BROCA A TRADO, INCLUSIVE AFASTAMENTO, EXCLUSIVE ARMAÇÃO, CONCRETO ESTRUTURAL, TRANSPORTE E RETIRADA DO MATERIAL ESCAVADO | F25: ESTACAS PILARES (16*(1,5*0,0314)) | G25: M3 | H25: 0.75
A26: 1.3.3 | B26: ED-51096 | C26: SETOP | D26: COMPACTAÇÃO MECANIZADA DE ATERRO COM PLACA VIBRATÓRIA, INCLUSIVE ESPALHAMENTO MANUAL | F26: BASE CORETO (50,26 M2 * 1,20) + RAMPA (0,60*12,25*1,25) | G26: M3 | H26: 69.5
A27: 1.4 | D27: ESTRUTURAL
A28: 1.4.1 | B28: ED-49813 | C28: SETOP | D28: LASTRO DE BRITA 2 OU 3 APILOADO MANUALMENTE | F28: BASE CORETO > SAPATAS (16*(0,60*0,60*0,05)) + BALDRAME (25,13*0,20*0,05 ) + > RAMPA > BALDRAME (12,25*0,20*0,05) + PILARETES (8*(0,6*0,314)) + ESCADA > PILARETES (12*(0,6*0,0314)) | G28: M3 | H28: 2.4
A29: 1.4.2 | B29: ED-50843 | C29: SETOP | D29: PILARETE DE CONCRETO 17 X 20 CM CONCRETO 20 Mpa, APARENTE NA FACE EXTERNA , INCLUSIVE FORMA E AÇO, EM GUARDA - CORPO NAS CIRCULAÇÕES | F29: PILARETES ESCADA (3,56*0,15*0,15) | G29: M3 | H29: 0.08
A30: 1.4.3 | B30: ED-48391 | C30: SETOP | D30: CINTA DE AMARRAÇÃO DE ALVENARIA COM BLOCO DE CONCRETO ESTRUTURAL, CANALETA TIPO "U", ESP. 14CM, (FBK 4,5MPA), COM ACABAMENTO APARENTE, INCLUSIVE ARGAMASSA PARA ASSENTAMENTO, EXCLUSIVE GRAUTE E ARMAÇÃO | F30: RESPALDO RAMPA (13,65M) | G30: M | H30: 13.65
A31: 1.4.4 | B31: ED-49787 | C31: SETOP | D31: FORNECIMENTO DE CONCRETO ESTRUTURAL, PREPARADO EM OBRA COM BETONEIRA, COM FCK 25MPA, INCLUSIVE LANÇAMENTO, ADENSAMENTO E ACABAMENTO (FUNDAÇÃO) | F31: CONFORME PROJETO ESTRUTURAL > 11,15M3 | G31: M3 | H31: =(3.46+2.25+4.89+0.55) -> 11.15
A32: 1.4.5 | B32: ED-8398 | C32: SETOP | D32: FORMA E DESFORMA DE COMPENSADO PLASTIFICADO, ESP.12MM, REAPROVEITAMENTO (3X), EXCLUSIVE ESCORAMENTO | F32: CONFORME PROJETO ESTRUTURAL > 57,74M2 | G32: M2 | H32: =(33.19+22.7+1.85) -> 57.74
A33: 1.4.6 | B33: ED-48298 | C33: SETOP | D33: CORTE, DOBRA E MONTAGEM DE AÇO CA-50/60 | F33: CONFORME PROJETO ESTRUTURAL > (529,66 KG CA-50) + (141,17 KG CA-60) | G33: KG | H33: =529.66 + 141.17 -> 670.83
A34: 1.4.7 | B34: 101964 | C34: SINAPI | D34: LAJE PRÉ-MOLDADA UNIDIRECIONAL, BIAPOIADA, PARA FORRO, ENCHIMENTO EM CERÂMICA, VIGOTA CONVENCIONAL, ALTURA TOTAL DA LAJE(ENCHIMENTO+CAPA) =(8+3). AF_11/2020 | F34: LAJE PARA O CORETO (50,26 M2) | G34: M2 | H34: 50.26
A35: 1.4.8 | B35: ED-19638 | C35: SETOP | D35: CIMBRAMENTO PARA LAJE PRÉ-MOLDADA COM ESCORAMENTO METÁLICO, TIPO "B", ALTURA DE (311 ATÉ 450)CM, INCLUSIVE DESCARGA, MONTAGEM, DESMONTAGEM E CARGA | F35: LAJE PARA O CORETO (50,26*2) | G35: M2xMÊS | H35: =(50.26*2) -> 100.52
A36: 1.5 | D36: IMPERMEABILIZAÇÃO
A37: 1.5.1 | B37: 98557 | C37: SINAPI | D37: IMPERMEABILIZAÇÃO DE SUPERFÍCIE COM EMULSÃO ASFÁLTICA, 2 DEMÃOS AF_06/2018 (VIGAS) | F37: (25,13*1,20) | G37: M2 | H37: 30.16
A38: 1.6 | D38: ALVENARIA
A39: 1.6.1 | B39: ED-48219 | C39: SETOP | D39: ALVENARIA DE BLOCO DE CONCRETO CHEIO SEM ARMAÇÃO, EM CONCRETO COM FCK DE 20MPA , ESP. 14CM, PARA REVESTIMENTO, INCLUSIVE ARGAMASSA PARA ASSENTAMENTO (DETALHE D - CADERNO SEDS) | F39: CORETO ARRIMO UM (25,13*1,20) + CORETO ARRIMO DOIS (23,25*1,20) + RAMPA (7,35) | G39: M2 | H39: 65.41
A40: 1.6.2 | B40: ED-48198 | C40: SETOP | D40: ALVENARIA ESTRUTURAL COM BLOCO DE CONCRETO, ESP. 14CM, (FBK 4,5MPA), PARA REVESTIMENTO, INCLUSIVE ARGAMASSA PARA ASSENTAMENTO | F40: ESCADA (2,00*1,17) + (5*(0,60*3,85)) | G40: M2 | H40: =(2*1.17) + (5*(0.6*3.85)) -> 13.89
A41: 1.7 | D41: COBERTURA
A42: 1.7.1 | B42: ED-48407 | C42: SETOP | D42: ENGRADAMENTO PARA TELHAS CERÂMICA OU CONCRETO EM MADEIRA PARAJU | F42: COBERTURA UM (41,31 M2) + COBERTURA DOIS (0,79 M2) | G42: M2 | H42: =(41.31) + (0.79) -> 42.1
A43: 1.7.2 | B43: ED-48420 | C43: SETOP | D43: COBERTURA EM TELHA CERÂMICA COLONIAL PLANA, 24 UNID/M2 | F43: COBERTURA UM (8*((4,07*3,52)/2)) + COBERTURA DOIS (8*((0,86*0,65)/2)) | G43: M2 | H43: 59.54
A44: 1.7.3 | B44: 94219 | C44: SINAPI | D44: CUMEEIRA E ESPIGÃO PARA TELHA CERÂMICA EMBOÇADA COM ARGAMASSA TRAÇO 1:2:9 (CIMENTO, CAL E AREIA), PARA TELHADOS COM MAIS DE 2 ÁGUAS, INCLUSO TRANSPORTE VERTICAL. AF_07/2019 | F44: (4,07*8) | G44: M | H44: 32.56
A45: 1.8 | D45: REVESTIMENTOS - PISOS, PAREDES E TETOS
D46: PISOS
A47: 1.8.1 | B47: ED-49812 | C47: SETOP | D47: (LAJE DE TRANSIÇÃO) LASTRO DE CONCRETO MAGRO, INCLUSIVE TRANSPORTE, LANÇAMENTO E ADENSAMENTO | F47: CORETO (50,26*0,05) + RAMPA (17,15*0,05) | G47: M3 | H47: 3.37
A48: 1.8.2 | B48: ED-50568 | C48: SETOP | D48: CONTRAPISO DESEMPENADO COM ARGAMASSA, TRAÇO 1:3 ( CIMENTO E AREIA), ESP. 30MM | F48: CORETO (50,26) + RAMPA (17,15) | G48: M2 | H48: =(50.26) + (17.15) -> 67.41
A49: 1.8.3 | B49: ED-50616 | C49: SETOP | D49: PISO EM GRANILITE/MARMORITE, ESP. 8MM, ACABAMENTO LAVADO TIPO FULGET, COR NATURAL, MODULAÇÃO DE 1X1M, INCLUSO JUNTA PLÁSTICA | F49: CORETO (50,26) + RAMPA (17,15) + ESCADA (7,25) | G49: M2 | H49: =(50.26) + (17.15) + (7.25) -> 74.66
A50: 1.8.4 | B50: ED-51002 | C50: SETOP | D50: SOLEIRA DE GRANITO CINZA ANDORINHA E = 2 CM | F50: (1,20*0,20) | G50: M2 | H50: 0.24
D51: PAREDES
A52: 1.8.5 | B52: ED-50731 | C52: SETOP | D52: CHAPISCO COM ARGAMASSA INDUSTRIALIZADA, ESP. 5MM, APLICADO EM ALVENARIA/ESTRUTURA DE CONCRETO COM DESEMPENADEIRA METÁLICA, PREPARO MECÂNICO | F52: LATERAL CORETO (25,13*1,20) | G52: M2 | H52: 30.16
A53: 1.8.6 | B53: ED-50732 | C53: SETOP | D53: EMBOÇO COM ARGAMASSA, TRAÇO 1:6 (CIMENTO E AREIA), ESP.20MM, APLICAÇÃO MANUAL, PREPARO MECÂNICO | F53: LATERAL CORETO (25,13*1,20) | G53: M2 | H53: 30.16
A54: 1.8.7 | B54: ED-9081 | C54: SETOP | D54: REVESTIMENTO COM CERÂMICA APLICADO EM PAREDE, ACABAMENTO ESMALTADO, AMBIENTE INTERNO/EXTERNO, PADRÃO EXTRA, DIMENSÃO DA PEÇA ATÉ 2025 CM2, PEI III, ASSENTAMENTO COM ARGAMASSA INDUSTRIALIZADA, INCLUSIVE REJUNTAMENTO | F54: LATERAL CORETO (25,13*1,20) | G54: M2 | H54: 30.16
D55: TETO
A56: 1.8.10 | B56: ED-50728 | C56: SETOP | D56: CHAPISCO COM ARGAMASSA, TRAÇO 1:3 (CIMENTO E AREIA), ESP. 5MM, APLICADO EM TETO COM COLHER, PREPARO MECÂNICO | F56: ÁREA TETO (43,01 M2) | G56: M2 | H56: 43.01
A57: 1.8.11 | B57: ED-50763 | C57: SETOP | D57: REVESTIMENTO COM ARGAMASSA EM CAMADA ÚNICA, APLICADO EM TETO, TRAÇO 1:3 (CIMENTO E AREIA), ESP. 20MM, APLICAÇÃO MANUAL, PREPARO MECÂNICO | F57: ÁREA TETO (43,01 M2) | G57: M2 | H57: 43.01
A58: 1.9 | D58: INSTALAÇÕES HIDRÁULICAS
A59: 1.9.1 | B59: ED-50222 | C59: SETOP | D59: PONTO DE EMBUTIR PARA ÁGUA FRIA EM TUBO PVC RÍGIDO ROSCÁVEL, DN 1/2" (20MM), EMBUTIDO NA ALVENARIA COM DISTÂNCIA DE ATÉ CINCO (5) METROS DA TOMADA DE ÁGUA, INCLUSIVE CONEXÕES E FIXAÇÃO DO TUBO COM ENCHIMENTO DO RASGO NA ALVENARIA/CONCRETO COM ARGAMASSA | F59: 3 UNIDADES | G59: UN | H59: 3
A60: 1.9.2 | B60: ED-50323 | C60: SETOP | D60: TORNEIRA METÁLICA PARA IRRIGAÇÃO/JARDIM, ACABAMENTO CROMADO, APLICAÇÃO DE PAREDE, INCLUSIVE FORNECIMENTO E INSTALAÇÃO | F60: 3 UNIDADES | G60: UN | H60: 3
A61: 1.10 | D61: INSTALAÇÕES ELÉTRICAS
A62: 1.10.1 | B62: ED-49501 | C62: SETOP | D62: QUADRO DE DISTRIBUIÇÃO PARA 24 MÓDULOS COM BARRAMENTO 100 A | F62: 1 UNIDADE | G62: UN | H62: 1
A63: 1.10.2 | B63: ED-49239 | C63: SETOP | D63: DISJUNTOR MONOPOLAR TERMOMAGNÉTICO 5KA, DE 70A | F63: 2 UNIDADES | G63: UN | H63: 2
A64: 1.10.3 | B64: ED-49205 | C64: SETOP | D64: CAIXA PARA MEDIÇÃO, TIPO CM-14, COM VISOR DO LEITOR PARA VIA PÚBLICA (LVP), DIMENSÕES CONFORME PADRÃO CEMIG, EXCLUSIVE DISJUNTOR, INCLUSIVE INSTALAÇÃO | F64: 1 UNIDADE | G64: UNID. | H64: 1
A65: 1.10.4 | B65: ED-49523 | C65: SETOP | D65: RELÉ FOTOELÉTRICO, TENSÃO 120V COM CAPACIDADE DE CARGA 1200VA, INCLUSIVE BASE E INSTALAÇÃO | F65: 1 UNIDADE | G65: UN | H65: 1
A66: 1.10.5 | B66: 96985 | C66: SINAPI | D66: HASTE DE ATERRAMENTO EM ACO COM 3,00 M DE COMPRIMENTO E DN = 5/8", REVESTIDA COM BAIXA CAMADA DE COBRE, COM CONECTOR TIPO GRAMPO | F66: 1 UNIDADE | G66: UNID. | H66: 1
A67: 1.10.6 | B67: ED-48702 | C67: SETOP | D67: CAIXA PRÉ MOLDADA PARA ATERRAMENTO COM TAMPA DE CONCRETO 25 X 25 X 50 CM, INCLUSIVE ESCAVAÇÃO E BOTA FORA | F67: 1 UNIDADE | G67: UNID. | H67: 1
A68: 1.10.7 | B68: ED-13354 | C68: SETOP | D68: LUMINÁRIA TIPO DROPS COM BASE SUPORTE GALVANIZADA E GLOBO LEITOSO COMPLETA, PARA UMA (1) LÂMPADA LED, POTÊNCIA 15W, BULBO A65, FORNECIMENTO E INSTALAÇÃO, INCLUSIVE BASE E LÂMPADA | F68: LUMINARIAS PARA PILARES > 8 UNIDADES | G68: UN | H68: 8
A69: 1.10.8 | B69: 00039390 | C69: I-SINAPI | D69: LUMINARIA LED REFLETOR RETANGULAR BIVOLT, LUZ BRANCA, 30 W | F69: 4 UNIDADES JARDIM | G69: UN | H69: 4
A70: 1.10.9 | B70: ED-13356 | C70: SETOP | D70: LUMINÁRIA PLAFON REDONDO DE VIDRO JATEADO REDONDO COMPLETA, DIÂMETRO 25 CM, PARA UMA (1) LÂMPADA LED, POTÊNCIA 9W, BULBO A60, FORNECIMENTO E INSTALAÇÃO, INCLUSIVE BASE E LÂMPADA | F70: 1 UNIDADE, CENTRO DA LAJE | G70: UN | H70: 1
A71: 1.10.10 | B71: ED-50232 | C71: SETOP | D71: PONTO DE EMBUTIR PARA UMA (1) TOMADA PADRÃO, TRÊS (3) POLOS (2P+T/10A-250V), COM PLACA 4"X2" DE UM (1) POSTO, COM ELETRODUTO FLEXÍVEL CORRUGADO, ANTI-CHAMA, DN 25MM (3/4"), EMBUTIDO NA ALVENARIA E CABO DE COBRE FLEXÍVEL, CLASSE 5, ISOLAMENTO TIPO LSHF/ATOX, NÃO HALOGENADO, SEÇÃO 2,5MM2 (70°C-450/750V), COM DISTÂNCIA DE ATÉ DEZ (10) METROS DO PONTO DE DERIVAÇÃO, INCLUSIVE CAIXA DE LIGAÇÃO, SUPORTE E FIXAÇÃO DO ELETRODUTO COM ENCHIMENTO DO RASGO NA ALVENARIA/CONCRETO COM ARGAMASSA | F71: 3 UNIDADES | G71: UN | H71: 3
A72: 1.10.11 | B72: ED-50228 | C72: SETOP | D72: PONTO DE EMBUTIR PARA UMA (1) LUMINÁRIA,COM ELETRODUTO DE PVC RÍGIDO ROSCÁVEL, DN 20MM (3/4"), EMBUTIDO NA LAJE E CABO DE COBRE FLEXÍVEL, CLASSE 5, ISOLAMENTO TIPO LSHF/ATOX, NÃO HALOGENADO, SEÇÃO 1,5MM2 (70°C-450/750V), COM DISTÂNCIA DE ATÉ CINCO (5) METROS DO PONTO DE DERIVAÇÃO, EXCLUSIVE LUMINÁRIA, INCLUSIVE CAIXA DE LIGAÇÃO OCTOGONAL, SUPORTE E FIXAÇÃO DO ELETRODUTO | F72: 13 PONTOS | G72: PT | H72: 13
A73: 1.11 | D73: PINTURA
A74: 1.11.1 | B74: ED-50514 | C74: SETOP | D74: PREPARAÇÃO PARA EMASSAMENTO OU PINTURA (LÁTEX/ACRÍLICA) EM PAREDE, INCLUSIVE UMA (1) DEMÃO DE SELADOR ACRÍLICO | F74: CORETO (25,13) + PILARES ( 8*(1,90*0,30)) + VIGA COBERTURA (25,13*0,70) | G74: M2 | H74: 47.28
A75: 1.11.2 | B75: ED-50453 | C75: SETOP | D75: PINTURA ACRÍLICA EM PAREDE, TRÊS (3) DEMÃOS, EXCLUSIVE SELADOR ACRÍLICO E MASSA ACRÍLICA/CORRIDA (PVA) | F75: CORETO (25,13) + PILARES ( 8*(1,90*0,30)) + VIGA COBERTURA (25,13*0,70) | G75: M2 | H75: 47.28
A76: 1.11.3 | B76: ED-50515 | C76: SETOP | D76: PREPARAÇÃO PARA EMASSAMENTO OU PINTURA (LÁTEX/ ACRÍLICA) EM TETO, INCLUSIVE UMA (1) DEMÃO DE SELADOR ACRÍLICO | F76: 43,01 M2 | G76: M2 | H76: 43.01
A77: 1.11.4 | B77: ED-50454 | C77: SETOP | D77: PINTURA ACRÍLICA EM TETO, TRÊS (3) DEMÃOS, EXCLUSIVE SELADOR ACRÍLICO E MASSA ACRÍLICA/CORRIDA (PVA) | F77: 43,01 M2 | G77: M2 | H77: 43.01
A78: 1.12 | D78: SERVIÇOS DIVERSOS
A79: 1.12.1 | B79: RO-40234 | C79: SETOP | D79: REATERRO E COMPACTAÇÃO MANUAL | F79: REGULARIZAÇÃO CANTEIROS > 254,04M3 | G79: M3 | H79: 254.04
A80: 1.12.2 | B80: ED-50437 | C80: SETOP | D80: PLANTIO DE GRAMA ESMERALDA EM PLACAS, INCLUSIVE TERRA VEGETAL E CONSERVAÇÃO POR TRINTA (30) DIAS | F80: JARDINAGEM TOTAL GERAL PRAÇA > 2540,43M2 | G80: M2 | H80: 2540.43
A81: 1.12.3 | B81: ED-51135 | C81: SETOP | D81: GUIA DE CORDÃO BOLEADO, EM CONCRETO COM FCK 20MPA, PRÉ-MOLDADA, 10X10CM (ALTURA X LARGURA), INCLUSIVE UMA (1) FIADA DE BLOCO DE CONCRETO, ESP. 9CM, ESCAVAÇÃO, APILOAMENTO E TRANSPORTE COM RETIRADA DO MATERIAL ESCAVADO (EM CAÇAMBA) | F81: CORDÃO PARA O GRAMADO > 20,42 M | G81: M | H81: 20.42
A82: 1.12.4 | B82: ED-32096 | C82: SETOP | D82: GUARDA-CORPO EXTERNO, ALTURA 130CM, EM TUBO GALVANIZADO, COM COSTURA, DIÂMETRO 2", ESP. 3MM, GRADIL COM DIVISÃO HORIZONTAL EM TUBO GALVANIZADO, COM COSTURA, DIÂMETRO 1", ESP. 3MM, INCLUSIVE CORRIMÃO SIMPLES, EXCLUSIVE PINTURA | F82: GUARDA CORPO COM CORRIMÃO PARA RAMPA > 18,60 METROS | G82: M | H82: 18.6
A83: 1.12.5 | B83: ED-32098 | C83: SETOP | D83: GUARDA-CORPO EXTERNO, ALTURA 130CM, EM TUBO GALVANIZADO, COM COSTURA, DIÂMETRO 2", ESP. 3MM, GRADIL COM DIVISÃO HORIZONTAL EM TUBO GALVANIZADO, COM COSTURA, DIÂMETRO 1", ESP. 3MM, EXCLUSIVE PINTURA | F83: GUARDA CORPO PARA O CORETO > 24 METROS | G83: M | H83: 24
A84: 1.12.6 | B84: ED-50935 | C84: SETOP | D84: CORRIMÃO SIMPLES EM TUBO GALVANIZADO, COM COSTURA, DIÂMETRO 1.1/2", ESP. 3MM, FIXADO EM ALVENARIA, INCLUSIVE SUPORTE PARA CORRIMÃO EM BARRA CHATA (1"X1/2"), EXCLUSIVE PINTURA | F84: CORRIMÃO PARA RAMPA > 12,32 METROS | G84: M | H84: 12.32
A85: 1.12.7 | B85: ED-50496 | C85: SETOP | D85: PINTURA ESMALTE EM TUBO GALVANIZADO, DUAS (2) DEMÃOS, INCLUSIVE UMA (1) DEMÃO DE FUNDO ANTICORROSIVO | F85: CORRIMÃO RAMPA 12,32 M + GUARDA CORPO COM CORRIMÃO RAMPA (18,60 + 18,60*7) | G85: M | H85: =12.32+18.6+(18.6*7) -> 161.12
A86: 1.12.8 | B86: ED-50495 | C86: SETOP | D86: PINTURA ESMALTE SINTÉTICO EM SUPERFÍCIES METÁLICAS, DUAS (2) DEMÃOS, INCLUSIVE UMA (1) DEMÃO DE FUNDO ANTICORROSIVO | F86: GUARDA CORPO CORETO (2*(1,30*24,00)) | G86: M2 | H86: =(2*(1.3*24)) -> 62.4
A87: 2 | D87: CONSTRUÇÃO DA RUA CULTURAL
A88: 2.1 | D88: EXECUÇÃO DE PAVIMENTO INTERTRAVADO, INCLUSO TRANSPORTE
A89: 2.1.1 | B89: 99814 | C89: SINAPI | D89: LIMPEZA DE SUPERFÍCIE COM JATO DE ALTA PRESSÃO. AF_04/2019 | F89: ÁREA CONFORME PROJETO > 460 M | G89: M2 | H89: 460
A90: 2.1.2 | B90: ED-24062 | C90: SETOP | D90: EXECUÇÃO DE PAVIMENTO INTERTRAVADO, ESPESSURA 10CM, FCK 35MPA, INCLUINDO FORNECIMENTO E TRANSPORTE DE TODOS OS MATERIAIS E COLCHÃO DE ASSENTAMENTO COM ESPESSURA 6CM | F90: ÁREA CONFORME PROJETO > 460 M | G90: M2 | H90: 460
A91: 2.2 | D91: REDE ELÉTRICA E ILUMINAÇÃO
A92: 2.2.1 | B92: ED-49171 | C92: SETOP | D92: CAIXA DE PASSAGEM EM ALVENARIA E TAMPA DE CONCRETO, FUNDO DE BRITA, TIPO 1, 25 X 25 X 50 CM, INCLUSIVE ESCAVAÇÃO, REATERRO E BOTA-FORA | F92: CAIXAS DE PASSAGEM PARA REDE ELETRICA POSTES ILUMINAÇÃO (6 PONTOS) | G92: UNID. | H92: 6
A93: 2.2.2 | B93: 97667 | C93: SINAPI | D93: ELETRODUTO FLEXÍVEL CORRUGADO, PEAD, DN 50 (1 1/2"), PARA REDE ENTERRADA DE DISTRIBUIÇÃO DE ENERGIA ELÉTRICA - FORNECIMENTO E INSTALAÇÃO. AF_12/2021 | F93: REDE ELÉTRICA PARA A ALIMENTAÇÃO DE POSTES DE ILUMINAÇÃO (55+55+10) | G93: M | H93: 120
A94: 2.2.3 | B94: 100619 | C94: SINAPI | D94: POSTE DECORATIVO PARA JARDIM EM AÇO TUBULAR, H = *2,5* M, SEM LUMINÁRIA - FORNECIMENTO E INSTALAÇÃO. AF_11/2019 | F94: POSTES DECORATIVOS - 6 PONTOS | G94: UNID. | H94: 6
A95: 2.2.4 | B95: ED-49401 | C95: SETOP | D95: LUMINÁRIA TIPO DROPS COM BASE SUPORTE GALVANIZADA E GLOBO LEITOSO COMPLETA, PARA UMA (1) LÂMPADA FLUORESCENTE COMPACTA DE 20W, FORNECIMENTO E INSTALAÇÃO, INCLUSIVE BASE E LÂMPADA | F95: LUMINÁRIAS PARA INSTALAÇÃO NOS POSTES - 3 POR PONTO (3*6) | G95: UNID. | H95: 18
A96: 2.2.5 | B96: ED-49205 | C96: SETOP | D96: CAIXA PARA MEDIÇÃO, TIPO CM-14, COM VISOR DO LEITOR PARA VIA PÚBLICA (LVP), DIMENSÕES CONFORME PADRÃO CEMIG, EXCLUSIVE DISJUNTOR, INCLUSIVE INSTALAÇÃO | F96: PONTO MEDIDOR CEMIG | G96: UNID. | H96: 1
A97: 2.2.6 | B97: ED-49327 | C97: SETOP | D97: ELETRODUTO DE AÇO GALVANIZADO PESADO, INCLUSIVE CONEXÕES, SUPORTES E FIXAÇÃO DN 25 (1") | F97: DESACIDA POSTE (MEDIDOR ATÉ O SOLO) | G97: M | H97: 4
A98: 2.2.7 | B98: 91933 | C98: SINAPI | D98: CABO DE COBRE FLEXÍVEL ISOLADO, 10 MM², ANTI-CHAMA 0,6/1,0 KV, PARA CIRCUITOS TERMINAIS - FORNECIMENTO E INSTALAÇÃO. AF_03/2023 | F98: ALIMENTAÇÃO POSTES ((55+55+10)*2) | G98: M | H98: 240
A99: 3 | D99: ADITIVO
A100: ITEM | B100: CÓDIGO | C100: FONTE | D100: DESCRIÇÃO | F100: MEMÓRIA DE CALCULO | G100: UNID. | H100: QUANT.
A101: 3.1 | D101: DEMOLIÇÕES/REMOÇÕES
A102: 3.1.1 | B102: ED-51125 | C102: SETOP | D102: TRANSPORTE DE MATERIAL DEMOLIDO EM CAÇAMBA, EXCLUSIVE CARGA MANUAL OU MECÂNICA | F102: DEMOLIÇÃO ENTORNO DO CORETO > (154,00M2 * 0,10) | G102: M3 | H102: 15.4
A103: 3.2 | D103: REDE ELÉTRICA E ILUMINAÇÃO
A104: 3.2.1 | B104: ED-15749 | C104: SETOP | D104: CONJUNTO DE UMA (1) TOMADA PADRÃO, TRÊS (3) POLOS, CORRENTE 20A, TENSÃO 250V, (2P+T/20A-250V), COM PLACA 4"X2" DE UM (1) POSTO, INCLUSIVE FORNECIMENTO, INSTALAÇÃO, SUPORTE, MÓDULO E PLACA | F104: 8 UNIDADES, CONFORME PROJETO | G104: UNID. | H104: 8
...
